 Dungeon Crawl Stone Soup version 0.27.1-33-g824d729ab1 (webtiles) character file.

Game seed: 6013107560526281018

3887 McKennaii the Destroyer (level 9, -4/62 HPs)
             Began as a Demigod Conjurer on Dec 12, 2021.
             Killed by divine providence
             ... invoked by an orc priest
              (14 damage)
             ... on level 9 of the Dungeon.
             The game lasted 00:09:33 (8652 turns).

McKennaii the Destroyer (Demigod Conjurer)          Turns: 8652, Time: 00:09:33

Health: -4/62      AC:  3    Str:  8    XL:     9   Next: 68%
Magic:  2/25       EV: 13    Int: 32    God:
Gold:   206        SH:  0    Dex: 12    Spells: 17/24 levels left

rFire    . . .     SeeInvis .   (no weapon)
rCold    . . .     Faith    .   (no shield)
rNeg     . . .     Spirit   .   a - +0 robe
rPois    .         Reflect  .   o - +0 helmet
rElec    .         Harm     .   (no cloak)
rCorr    .         Rampage  .   (no gloves)
Will     .....                  (no boots)
Stlth    ++........             (no amulet)
HPRegen  0.20/turn              u - ring of flight
MPRegen  0.19/turn              (no ring)

@: flying
A: high mp 1, forlorn
a: no special abilities


You were on level 9 of the Dungeon.
You visited 1 branch of the dungeon, and saw 9 of its levels.

You collected 304 gold pieces.
You spent 98 gold pieces at shops.

Inventory:

Armour
 a - a +0 robe (worn)
 m - a +1 ring mail of poison resistance
 o - a +0 helmet (worn)
Jewellery
 u - a ring of flight (left hand)
Wands
 d - a wand of paralysis (9)
 w - a wand of flame (19)
Scrolls
 c - a scroll of magic mapping
 e - 6 scrolls of teleportation
 g - a scroll of blinking
 i - 3 scrolls of amnesia {unknown}
 j - 3 scrolls of noise {unknown}
 k - 2 scrolls of fog {unknown}
 p - a scroll of holy word {unknown}
 s - a scroll of fear {unknown}
 t - a scroll of enchant armour {unknown}
Potions
 b - 4 potions of curing
 f - 3 potions of berserk rage
 h - 2 potions of haste
 l - 3 potions of ambrosia
 n - 2 potions of mutation
 q - a potion of heal wounds
 r - a potion of flight {unknown}
 v - 2 potions of attraction {unknown}


   Skills:
 + Level 3.9 Dodging
 - Level 1.7 Stealth
 - Level 8.0 Spellcasting
 - Level 10.0 Conjurations
 - Level 2.0 Translocations


You had 17 spell levels left.
You knew the following spells:

 Your Spells              Type           Power      Damage    Failure   Level
a - Magic Dart            Conj           100%       1d8       1%          1
b - Searing Ray           Conj           100%       3d7       1%          2
c - Iskenderun's Mystic   Conj/Tloc      50%        2d11      3%          4

Your spell library contained the following spells:

 Spells                   Type           Power      Damage    Failure   Level
 Apportation              Tloc           50%        N/A       1%          1
 Dazzling Flash           Conj/Hex       88%        N/A       1%          3
 Animate Skeleton         Necr           24%        N/A       3%          1
 Corona                   Hex            13%        N/A       3%          1
 Summon Small Mammal      Summ           48%        N/A       3%          1
 Mephitic Cloud           Conj/Pois/Air  34%        N/A       3%          3
 Fulminant Prism          Conj/Hex       22%        3d13      4%          4
 Ignite Poison            Fire/Tmut/Pois 12%        N/A       11%         3
 Bolt of Magma            Conj/Fire/Erth 17%        4d9       26%         5


Dungeon Overview and Level Annotations

Branches:
Dungeon (9/15)             Temple (0/1) D:6
   Lair: D:8-11         Orc: D:9-12

Shops:
D:4 ?   D:7 (

Annotations:
D:4 2 transporters, localevil's ghost, amateur OpBr
D:8 Joseph


Innate Abilities, Weirdness & Mutations

Your attributes grow dramatically as you level up.
You have an increased reservoir of magic. (+10% MP)
You shall have no god before yourself.


Message History

Press: ? - help, Shift-Dir - straight line, f - yak
Aim: a yak (heavily wounded, 90% to hit)
The searing ray hits the yak!
The yak is severely wounded. (Press . to maintain the ray.) Unknown command.
The searing ray hits the yak!
You kill the yak!
Unknown command.
The searing ray hits the yak.
The yak is severely wounded.
Unknown command.
You finish channeling your searing ray.
The yak gores you.
Unknown command.
The yak gores you but does no damage. The yak gores you.
You fly upwards.
Level annotation: Joseph Joseph shouts!
Joseph shoots a sling bullet.
The sling bullet hits you!
Joseph shoots a sling bullet.
The sling bullet hits you!!
* * * LOW HITPOINT WARNING * * *
There is a stone staircase leading down, spattered with blood here.
The yak barely misses you. The yak misses you.
You fly downwards.
You hear the roar of battle.
There is an entrance to a bailey on this level.
Hurry and find it before the portal closes forever!
There is a stone staircase leading up here.
Unknown command.
Okay, then.
Okay, then.
It was a potion of heal wounds.
You feel much better. The yak barely misses you. The yak gores you!
* * * LOW HITPOINT WARNING * * *
An orc priest comes into view. It is wielding a +0 flail.
The yak barely misses you. The yak gores you.
* * * LOW HITPOINT WARNING * * *
The orc priest invokes the aid of Beogh against you.
Beogh smites you!
You die...

#...###..............
#...#...............
#........##.........
#### ......###.........
#...###................
#........†.............
#........<.............
####......Y...†........
#....@Y.o#..........
#.....####.Y........
####### #..Y.......
##......... #...###.Y.
...## ... ..[. .. .....


You could see 2 yaks and an orc priest.

Vanquished Creatures
  2 centaur zombies
  Psyche (D:8)
  A troll (D:8)
  A wyvern (D:9)
  4 yaks (D:9)
  A water moccasin (D:6)
  An acid dragon (D:8)
  A sky beast (D:5)
  A black bear (D:5)
  3 orc warriors
  4 ogres
  A centaur (D:6)
  A phantom (D:6)
  A bullfrog (D:6)
  2 scorpions
  A water moccasin zombie (D:7)
  2 jellies (D:6)
  4 hounds
  4 orc priests
  2 bullfrog skeletons
  Jessica (D:2)
  4 iguanas
  Ijyb (D:4)
  4 orc wizards
  Robin (D:3)
  4 gnolls (D:4)
  A howler monkey skeleton (D:5)
  7 adders
  A white imp (D:5)
  3 dart slugs
  23 orcs
  5 ball pythons
  6 endoplasms
  3 giant cockroaches
  8 goblins
  3 hobgoblins
  4 jackals
  6 kobolds
  3 quokkas
  3 training dummies (D:7)
  6 bats
  A frilled lizard (D:3)
  4 rats
140 creatures vanquished.

Vanquished Creatures (others)
  2 plants (D:3)
2 creatures vanquished.

Grand Total: 142 creatures vanquished

Notes
Turn   | Place    | Note
-------+----------+-------------------------------------------
     0 | D:1      | McKennaii the Demigod Conjurer began the quest for the Orb.
     0 | D:1      | Reached XP level 1. HP: 14/14 MP: 5/5
   246 | D:1      | Reached XP level 2. HP: 16/20 MP: 0/8
   327 | D:1      | Learned a level 2 spell: Searing Ray
   552 | D:1      | You fall into a shaft and drop 1 floor!
  1154 | D:2      | Noticed Jessica
  1158 | D:2      | Killed Jessica
  1159 | D:2      | Reached XP level 3. HP: 26/26 MP: 5/10
  1706 | D:3      | Reached XP level 4. HP: 33/33 MP: 10/12
  2596 | D:3      | Noticed Robin
  2600 | D:3      | Killed Robin
  2601 | D:3      | Reached XP level 5. HP: 32/38 MP: 0/15
  3211 | D:4      | Reached skill level 5 in Spellcasting
  3333 | D:4      | Found a transporter.
  3333 | D:4      | Noticed localevil's ghost (amateur OpBr)
  3348 | D:4      | Found a transporter.
  3641 | D:4      | Noticed a necrophage
  3669 | D:4      | Reached XP level 6. HP: 40/45 MP: 8/17
  3928 | D:4      | Found Vizeafao's Magic Scroll Emporium.
  3934 | D:4      | Bought a scroll of identify for 28 gold pieces
  3934 | D:4      | Bought a scroll of identify for 28 gold pieces
  3934 | D:4      | Bought a scroll of teleportation for 42 gold pieces
  4222 | D:4      | Noticed Ijyb
  4225 | D:4      | Paralysed by Ijyb for 4 turns
  4232 | D:4      | Killed Ijyb
  4348 | D:5      | Entered Level 5 of the Dungeon
  4799 | D:5      | Reached XP level 7. HP: 50/50 MP: 14/21
  5125 | D:6      | Found a staircase to the Ecumenical Temple.
  5242 | D:6      | Learned a level 4 spell: Iskenderun's Mystic Blast
  5669 | D:6      | Reached skill level 4 in Conjurations
  5960 | D:6      | Reached XP level 8. HP: 48/57 MP: 14/24
  5964 | D:6      | Reached skill level 5 in Conjurations
  6220 | D:6      | Reached skill level 6 in Conjurations
  6631 | D:7      | Reached skill level 7 in Conjurations
  6817 | D:7      | Found Hikhliw's Firing Range.
  6976 | D:7      | Reached skill level 8 in Conjurations
  7465 | D:8      | Noticed Psyche
  7470 | D:8      | Killed Psyche
  7471 | D:8      | Reached XP level 9. HP: 45/62 MP: 17/25
  7791 | D:8      | Reached skill level 9 in Conjurations
  8518 | D:8      | Noticed Joseph
  8570 | D:9      | Reached skill level 10 in Conjurations
  8629 | D:9      | Reached skill level 1 in Translocations
  8652 | D:9      | Killed from afar by an orc priest

Illustrated notes

Levels and vault maps discovered:
D:1:      nzn_arrival_depleted_hourglass, layout_basic,
          chequers_ecumenical_altar_grove
D:2:      layout_rooms, uniq_jessica
D:3:      minmay_general_purpose_star, layout_loops_ring,
          mainiacjoe_overflow_six_doors_small, serial_bayou_lagoon_b, uniq_robin
D:4:      layout_basic, serial_shops, kennysheep_little_box,
          gammafunk_ghost_mausoleum, hangedman_decor_slide_cut, uniq_ijyb
D:5:      layout_basic, mainiacjoe_overflow_small_starburst
D:6:      layout_basic, temple_pool_b
D:7:      layout_rooms, nicolae_hepliaklqana_hippocampus,
          nicolae_shop_firing_range
D:8:      layout_loops_corners, mainiacjoe_overflow_two_lobes,
          kennysheep_generic_room_12, uniq_psyche, uniq_joseph
D:9:      layout_cross, enter_bailey_3, uniq_maggie

Skill      XL: |  1  2  3  4  5  6  7  8  9 |
---------------+----------------------------+-----
Spellcasting   | 2 3 4 5 6 8 |  8.0
Conjurations   | 4 8 10 | 10.0
Dodging        | 3 |  3.9
Translocations | 2 |  2.0
Stealth        | |  1.7

Action                   |  1- 3 |  4- 6 |  7- 9 || total
-------------------------+-------+-------+-------++-------
Melee: Unarmed           |       |     3 |     7 ||    10
 Cast: Magic Dart        |    58 |   105 |   102 ||   265
       Searing Ray       |     2 |    13 |    35 ||    50
       Iskenderun's Myst |       |       |     9 ||     9
  Use: Scroll            |       |     6 |     3 ||     9
       Potion            |       |       |     1 ||     1
Armor: Robe              |       |     4 |    19 ||    23
Dodge: Dodged            |    10 |    11 |    36 ||    57
